 Dungeon Crawl Stone Soup version 0.29.1-15-g9cfb28693d (webtiles) character file.

Game seed: 3430284526740379800

108 Hugehornet the Stinger (level 4, -2/28 HPs)
             Began as an Octopode Transmuter on Mar 25, 2023.
             Slain by an orc wizard
             ... wielding a +0 dagger
              (4 damage)
             ... on level 3 of the Dungeon.
             The game lasted 00:05:00 (2770 turns).

Hugehornet the Stinger (Octopode Transmuter)        Turns: 2770, Time: 00:05:00

Health: -2/28      AC:  1    Str:  9    XL:     4   Next: 87%
Magic:  7/7        EV: 13    Int: 17    God:
Gold:   86         SH:  0    Dex: 12    Spells: 3/7 levels left

rFire   . . .      SeeInvis .     - Unarmed
rCold   . . .      Faith    .   (no shield)
rNeg    . . .      Spirit   .   (helmet currently unavailable)
rPois   .          Reflect  .   (no amulet)
rElec   .          Harm     .   (no ring)
rCorr   .          Rampage  .   (no ring)
Will    .....                   (no ring)
Stlth   ++........              (no ring)
HPRegen 0.09/turn               (no ring)
MPRegen 0.10/turn               (no ring)
                                (no ring)
                                (no ring)

@: confused, appendages
A: tentacle spike 3, almost no armour, amphibious, 8 rings, camouflage 1,
gelatinous body 1, (nimble swimmer 1), tentacles
a: End Transformation


You were on level 3 of the Dungeon.
One of your tentacles had grown a beastly spike.
You visited 1 branch of the dungeon, and saw 3 of its levels.

You collected 194 gold pieces.
You spent 108 gold pieces at shops.

Inventory:

Jewellery
 n - a +6 ring of dexterity
Wands
 p - a wand of flame (22)
 q - a wand of mindburst (8)
Scrolls
 b - a scroll of enchant weapon {unknown}
 d - a scroll of silence {unknown}
 e - a scroll of fog {unknown}
 f - a scroll of brand weapon {unknown}
 h - 2 scrolls of amnesia {unknown}
 i - 2 scrolls of vulnerability {unknown}
 j - a scroll of identify {unknown}
 o - a scroll of teleportation {unknown}
Potions
 a - 2 potions of lignification
 c - 2 potions of haste {unknown}
 g - 3 potions of degeneration {unknown}
 k - a potion of might {unknown}
 l - 2 potions of curing {unknown}
 m - 2 potions of brilliance {unknown}
 r - a potion of magic {unknown}


   Skills:
 - Level 1.0 Fighting
 - Level 2.0 Dodging
 - Level 3.0 Unarmed Combat
 - Level 2.0 Spellcasting
 - Level 3.4 Transmutations
 * Level 3.9 Poison Magic


You had 3 spell levels left.
You knew the following spells:

 Your Spells              Type           Power      Damage    Failure   Level
a - Beastly Appendage     Tmut           26%        N/A       4%          1
b - Spider Form           Tmut/Pois      14%        N/A       13%         3

Your spell library contained the following spells:

 Spells                   Type           Power      Damage    Failure   Level
 Wereblood                Tmut           13%        N/A       7%          2
 Freeze                   Ice            4%         1d3       19%         1
 Frozen Ramparts          Ice            2%         1d1       50%         3
 Ice Form                 Ice/Tmut       7%         N/A       67%         4
 Hailstorm                Conj/Ice       1%         3d3       88%         4


Dungeon Overview and Level Annotations

Branches:
Dungeon (3/15)

Altars:
Trog
Yredelemnul

Shops:
D:2 =*[[


Innate Abilities, Weirdness & Mutations

One of your tentacles has grown a beastly spike.
You cannot wear most types of armour.
You are amphibious.
You can wear up to eight rings at the same time.
Your skin changes colour to match your surroundings (Stealth+).
Your rubbery body absorbs attacks. (AC +1, EV +1)
((You are camouflaged when in or above water. (Stealth+)))
You have tentacles for arms and can constrict up to eight enemies at once.


Message History

You tentacle-slap the orc wizard. You grab the orc wizard.
You pierce the orc wizard.
The orc wizard is moderately wounded.
You constrict the orc wizard, but do no damage.
The orc wizard hits you but does no damage.
You tentacle-slap the orc wizard.
You pierce the orc wizard, but do no damage.
The orc wizard is heavily wounded.
You hear the brisk rusting of a very distant drain.
You constrict the orc wizard. The orc wizard barely misses you.
You tentacle-slap the orc wizard.
The orc wizard is severely wounded.
You constrict the orc wizard.
The orc wizard hits you but does no damage.
The orc wizard gestures wildly while chanting.
The orc wizard flickers and vanishes!
Deactivating autopickup; reactivate with Ctrl-A.
You tentacle-slap the orc wizard but do no damage.
The orc wizard is almost dead.
You constrict the orc wizard.
You kill the orc wizard!
You completely miss something.
Your tentacle spike misses something.
Something hits you.
You tentacle-slap something.
Your tentacle spike misses something.
Your squeeze misses something. Something hits you.
You are too injured to fight recklessly!
You are too injured to fight recklessly!
You tentacle-slap something but do no damage.
Something hits you.
You miss something.
Your tentacle spike misses something.
You hear some strange, mumbled words.
You are confused.
Something hits you.
An orc comes into view. It is wielding a +0 club.
You hear some strange, mumbled words.
A puff of flame appears from out of thin air!
The puff of flame hits you!
* * * LOW HITPOINT WARNING * * *
Something hits you.
You die...

######.#
#..@{oo#
#.####.# #.#
#.# o... #.#
#..≈≈≈..# #.#
#.≈≈≈≈≈.#####
#.#
#.≈≈_≈≈.#...#
#.#
#.≈≈.≈≈.#.#.#
#.#
#.≈≈.≈≈.#.#.##


You could see 2 orcs.

Vanquished Creatures
  A scorpion zombie (D:3)
  An orc wizard (D:3)
  An adder zombie (D:3)
  A dart slug (D:2)
  4 orcs (D:3)
  3 bats
  7 endoplasms
  A giant cockroach (D:2)
  2 goblins (D:2)
  3 hobgoblins
  3 jackals (D:1)
  2 kobolds
  7 ball pythons
  A frilled lizard (D:1)
  9 rats
46 creatures vanquished.

Notes
Turn   | Place    | Note
-------+----------+-------------------------------------------
     0 | D:1      | Hugehornet the Octopode Transmuter began the quest for the
                  | Orb.
     0 | D:1      | Reached XP level 1. HP: 13/13 MP: 3/3
   296 | D:1      | Reached XP level 2. HP: 18/18 MP: 3/5
   467 | D:1      | Found a faded altar of an unknown god.
   783 | D:1      | Reached XP level 3. HP: 20/23 MP: 4/6
   787 | D:1      | Learned a level 3 spell: Spider Form
  1194 | D:2      | Found Newnuxatt's Jewellery Shop.
  1235 | D:2      | Found Wyoxtios's Armour Boutique.
  1242 | D:2      | Found Zanewk's Assorted Antiques.
  1277 | D:2      | Bought a scroll labelled JOPSUG FOWKE for 19 gold pieces
  1277 | D:2      | Bought a clear potion for 17 gold pieces
  1277 | D:2      | Bought a scroll labelled JOPSUG FOWKE for 19 gold pieces
  1277 | D:2      | Bought a scroll labelled NIRIBU NEMAMMA for 19 gold pieces
  1277 | D:2      | Bought a fizzy blue potion for 17 gold pieces
  1277 | D:2      | Bought an emerald potion for 17 gold pieces
  1423 | D:2      | Reached skill level 1 in Poison Magic
  2128 | D:2      | Found Westasav's Antique Armour Shoppe.
  2537 | D:3      | Found a basalt altar of Yredelemnul.
  2554 | D:3      | Reached XP level 4. HP: 17/28 MP: 5/7
  2631 | D:3      | Found a bloodstained altar of Trog.
  2770 | D:3      | Slain by an orc wizard

Illustrated notes

Levels and vault maps discovered:
D:1:      mrwooster_arrival_arrow, layout_loops_ring,
          hellmonk_ecumenical_altar_defaced_shrine, kennysheep_doodads,
          minmay_tromino_v4_a
D:2:      layout_basic, serial_shops, nicolae_shop_hallway_stairs,
          nicolae_shop_statue_plus, shop, nicolae_shop_statue_plus
D:3:      layout_basic, nicolae_yredelemnul_corpse_copse,
          mainiacjoe_overflow_catwalk, elyvilon_altar_5,
          cheibrodos_sewer_entry_bend, minmay_misc_feat_ornament

Skill      XL: |  1  2  3 |
---------------+----------+-----
Transmutations | 3 |  3.4
Poison Magic   | 3 |  3.9
Fighting       | |  1.0
Dodging        | |  2.0
Unarmed Combat | |  3.0
Spellcasting   | |  2.0

Action                   |  1- 3 |  4- 6 || total
-------------------------+-------+-------++-------
Melee: Unarmed           |    79 |    21 ||   100
       Kick              |    31 |     6 ||    37
       Constrict         |    21 |     5 ||    26
       Tentacles         |    14 |     4 ||    18
       Punch             |     2 |       ||     2
 Cast: Beastly Appendage |    34 |     5 ||    39
 Stab: Sleeping          |     5 |     1 ||     6
Armor: Skin              |     2 |     2 ||     4
Dodge: Dodged            |    49 |    10 ||    59
